[Event "*** Titled Tuesday Blitz"]
[Site "Chess.com"]
[Date "2019.09.03"]
[Round "3"]
[White "SimonKnightRivendell"]
[Black "JakeCarlosBanawa"]
[Result "0-1"]
[WhiteElo "2004"]
[BlackElo "2330"]
[TimeControl "180+2"]
[EndTime "15:39:06 PDT"]
[Termination "JakeCarlosBanawa won on time"]

1. Nf3 c5 2. g3 Nc6 3. Bg2 g6 4. d3 Bg7 5. O-O d5 6. c4 e6 7. Nc3 Nge7 8. Re1 O-O 9. Bd2 a6 10. a3 Rb8 11. Rc1 b5 12. b3 Bd7 13. cxd5 exd5 14. e4 dxe4 15. Nxe4 Bg4 16. Nxc5 Nd4 17. h3 Nxf3+ 18. Bxf3 Bxh3 19. Bf4 Rb6 20. Qe2 Nd5 21. Be5 Re8 22. d4 f6 23. Qe4 Rd6 24. Qh4 fxe5 25. dxe5 Qxh4 26. gxh4 Rxe5 27. Rxe5 Bxe5 28. Ne4 Rd8 29.
Rc5 Be6 30. Ng5 Bd4 31. Nxe6 Bxc5 32. Nxd8 Nf4 33. Nc6 Bxa3 34. Nb8 a5 35. Bc6 b4 36. Bb5 Kg7 37. Bc4 Kf6 38. Nc6 a4 39. bxa4 Ne6 40. a5 Nc7 41. a6 b3 42. a7 b2 43. Bd3 Bc5 44. Na5 Bxa7 45. Nc4 Bd4 46. Kf1 Nd5 47. Ke2 Nf4+ 48. Kd2 Bxf2 0-1

[Event "*** Titled Tuesday Blitz"]
[Site "Chess.com"]
[Date "2019.09.03"]
[Round "3"]
[White "imdvb6307"]
[Black "mitrabhaa"]
[Result "0-1"]
[WhiteElo "2405"]
[BlackElo "2649"]
[TimeControl "180+2"]
[EndTime "15:39:13 PDT"]
[Termination "mitrabhaa won by resignation"]

1. c4 Nf6 2. Nc3 c5 3. Nf3 d5 4. cxd5 Nxd5 5. g3 g6 6. d3 Bg7 7.
Bd2 Nc6 8. Bg2 Nc7 9. Qc1 O-O 10. Bh6 b6 11. h4 f6 12. h5 Rf7 13. hxg6 hxg6 14.
Nh4 g5 15. Bxg7 Rxg7 16. Bxc6 gxh4 17. Bxa8 Nxa8 18. Rxh4 Nc7 19. Qh6 Kf7 20. Qh5+ Rg6 21. f4 f5 22. O-O-O Ne8 23. Qf3 Nf6 24. e4 Bb7 25. Qf2 Qd7 26. e5 Ng4 27. Qe2 Qd4 28. Kb1 Ke6 29. Rd2 a6 30. Nd1 b5 31. Nf2 Nxf2 32. Qxf2 Qxf2 33. Rxf2 Rxg3 34. Rh6+ Kd7 35. Kc2 Bd5 36. b3 Rg1 37. Kb2 e6 38. Rh7+ Kc6 39.
Rfh2 Rd1 40. Ra7 Kb6 41. Rd7 Rxd3 42. Kc2 Rd4 43. Rh6 Be4+ 44. Kc3 Rxd7 45. Rxe6+ Ka5 46. a3 b4+ 47. Kc4 bxa3 48. Rd6 Rxd6 49. exd6 Kb6 0-1

[Event "*** Titled Tuesday Blitz"]
[Site "Chess.com"]
[Date "2019.09.03"]
[Round "3"]
[White "FrenchMonster2002"]
[Black "bascheyaro"]
[Result "0-1"]
[WhiteElo "2425"]
[BlackElo "2684"]
[TimeControl "180+2"]
[EndTime "15:39:23 PDT"]
[Termination "bascheyaro won by resignation"]

1. e4 e6 2. d4 d5 3. Bd3 c5 4. exd5 exd5 5. Nf3 c4 6. Be2 Bd6 7. b3 cxb3 8. axb3 Ne7 9. O-O O-O 10. c4 Nbc6 11. c5 Bc7 12. Bg5 f6 13. Bh4 Bf5 14. Nc3 Re8 15. Nb5 Bb8 16. Bg3 Bxg3 17. hxg3 Nc8 18.
Re1 a6 19. Qd2 Qd7 20. Nh4 Be6 21. Bh5 Re7 22. Bd1 N8a7 23. Nd6 Nc8 24. Nb5 Rb8 25. Nc3 N8a7 26. Bc2 Nb4 27. Bb1 Nac6 28. Na4 Rbe8 29. Nb6 Qd8 30. Ra4 Bf7 31. Rxe7 Qxe7 32. Nf3 Bh5 33. Kf1 a5 34. Ra1 Qe6 35. Bd3 Bxf3 36.
gxf3 Qh3+ 37. Kg1 Nxd4 38. Bxh7+ Kxh7 39. Qxd4 Rh8 40. Qh4+ Qxh4 41. gxh4 Kg6 42. Rxa5 Rxh4 43. Rb5 Nd3 44. Nxd5 Rh5 45. Ne3 Rg5+ 46. Kf1 Rxc5 47. Rxb7 Nf4 48. Ke1 Ra5 49. b4 Ra1+ 50. Kd2 Ra2+ 51.
Ke1 Re2+ 52. Kf1 Rb2 53. Ke1 Nd3+ 54. Kd1 Nxf2+ 55. Kc1 Nd3+ 56. Kd1 Nxb4 57. Nd5 Nd3 58. Rxb2 Nxb2+ 59. Kd2 Nc4+ 60. Kd3 Nd6 61. Ke3 Kf5 62.
Ne7+ Ke6 63. Nc6 g5 64. Nd4+ Kd5 65. Ne2 Ke5 66. Nc1 Nc4+ 67. Kf2 f5 68. Nd3+ Kd4 69.
Ne1 Ne5 70. Ng2 Nd3+ 71. Kg3 Ke5 72. Kh3 Nf4+ 73. Nxf4 Kxf4 74. Kg2 g4 75. fxg4 Kxg4 76.
Kf2 Kf4 77. Kf1 Kf3 78. Kg1 Ke2 79. Kg2 f4 80. Kg1 f3 81. Kh2 f2 0-1

[Event "*** Titled Tuesday Blitz"]
[Site "Chess.com"]
[Date "2019.09.03"]
[Round "3"]
[White "gena217"]
[Black "Renier07"]
[Result "1-0"]
[WhiteElo "2908"]
[BlackElo "2595"]
[TimeControl "180+2"]
[EndTime "15:39:26 PDT"]
[Termination "gena217 won on time"]

1. e4 c5 2. Nf3 e6 3. d4 cxd4 4. Nxd4 Nc6 5. Nb5 d6 6. c4 Nf6 7. N1c3 a6 8. Na3 Be7 9. Be2 b6 10. O-O Bb7 11. Be3 Nb8 12. f3 Nbd7 13. Qb3 Qc7 14.
Rad1 Rb8 15. Rd2 O-O 16. Rc1 Rfe8 17. Qd1 Bf8 18. Nc2 Rbd8 19. Kh1 Qb8 20. Qg1 Ba8 21. Bf1 Rc8 22. Rcd1 g6 23. Qf2 Bc6 24. Nb4 Bb7 25.
Bf4 a5 26. Nc2 e5 27. Be3 Nc5 28. Na3 Re6 29. Nab5 Ba6 30. b3 h5 31. Bg5 Kh7 32. g3 Rce8 33. Bh3 Ng8 34. Bxe6 Nxe6 35. Be3 Rd8 36.
Bxb6 Rd7 37. Bxa5 Nf6 38. Bb4 Bb7 39. Bxd6 Bxd6 40. Nxd6 Bc6 41. Ndb5 Rb7 42. a4 Qa8 43. Nd5 Bxb5 44. cxb5 Nxd5 45. Rxd5 Rc7 46. Rxe5 Qc8 47. Red5 Rc3 48. b6 Qa6 49. a5 Rxb3 50. Qf1 Qc8 51.
Rd7 Kg7 52. b7 Qc2 53. a6 Ng5 54. R7d2 Qc6 55. Rd3 Rb2 56. Rb1 Rc2 57. b8=Q Nxe4 58. Qe5+ Nf6 59. Rd6 1-0

[Event "*** Titled Tuesday Blitz"]
[Site "Chess.com"]
[Date "2019.09.03"]
[Round "3"]
[White "liczner"]
[Black "Mazanchenko_Dmitry"]
[Result "0-1"]
[WhiteElo "2700"]
[BlackElo "2242"]
[TimeControl "180+2"]
[EndTime "15:39:28 PDT"]
[Termination "Mazanchenko_Dmitry won by resignation"]

1. e4 c5 2. Nf3 d6 3. c3 Nf6 4. h3 Bd7 5. Bd3 c4 6. Bxc4 Nxe4 7. O-O e6 8. d4 d5 9. Bd3 Bd6 10. Re1 f5 11. Ne5 O-O 12. f3 Bxe5 13. dxe5 Nc5 14.
Bf1 Nc6 15. Nd2 Qc7 16. Qe2 a6 17. Nb3 Nxb3 18. axb3 Qb6+ 19. Be3 Qc7 20. Bc5 Rf7 21. b4 Na7 22. Qf2 Nc8 23. b5 b6 24. Bd4 a5 25.
Rec1 Rb8 26. c4 dxc4 27. Bxc4 Qd8 28. Rc3 Qe8 29. Qe2 Na7 30. Rxa5 bxa5 31. Bxa7 Bxb5 32. Bxb8 Bxc4 33. Qxc4 Qxb8 34. Qxe6 Qa7+ 35. Kh2 h6 36.
Qg6 Rf8 37. e6 Qd4 38. Qg3 Re8 39. Rc7 Rxe6 40. Rb7 Qe5 41. Rb8+ Kh7 42. f4 Qxb8 43. Qf3 Qc7 44. Kg3 Qd7 45. h4 Qe7 46. Kh2 Re3 47.
Qh5 Qe4 48. g3 Re2+ 0-1

[Event "*** Titled Tuesday Blitz"]
[Site "Chess.com"]
[Date "2019.09.03"]
[Round "3"]
[White "popov_m"]
[Black "2nd_life"]
[Result "1-0"]
[WhiteElo "2616"]
[BlackElo "2376"]
[TimeControl "180+2"]
[EndTime "15:39:32 PDT"]
[Termination "popov_m won on time"]

1. e4 d5 2. exd5 Qxd5 3. Nc3 Qd6 4. d4 c6 5. Bd3 Nf6 6. Nge2 Bg4 7. f3 Bh5 8. Bf4 Qd8 9. O-O Bg6 10. Ne4 Nbd7 11. c3 Nxe4 12. fxe4 e5 13. Be3 Bd6 14. Ng3 O-O 15. Nf5 Bxf5 16. Rxf5 Qe7 17. Qf3 b5 18. Rf1 f6 19. Bc2 Nb6 20. Qh3 g6 21. R5f2 Nc4 22. Bh6 Rf7 23. b3 Nb6 24. Rf3 c5 25. d5 c4 26. b4 a5 27. a3 axb4 28. axb4 Ra2 29. Bb1 Ra8 30. Be3 Nd7 31. Rg3 Nf8 32. Qh6 Ra1 33. h4 Qd8 34. Kh2 Bc7 35. h5 Bb6 36. Bc5 Ra6 37. hxg6 Nxg6 38. Bc2 Qc7 39. d6 Qc8 40. Bd1 Bxc5 41. Bg4 Qxg4 42. Rxg4 Bxd6 43. Rd1 Bf8 44. Rd8 Rd6 45. Rxg6+ hxg6 46.
Qxg6+ Rg7 47. Qe8 Rxd8 48. Qxd8 Rg4 49. Qxf6 Rg7 50. Qxe5 Rg6 51. Qxb5 Bd6+ 52. e5 Bf8 53.
Qxc4+ Kg7 54. Qd4 1-0

[Event "*** Titled Tuesday Blitz"]
[Site "Chess.com"]
[Date "2019.09.03"]
[Round "3"]
[White "KRASAVCHIK2002"]
[Black "JakubPulpan"]
[Result "1-0"]
[WhiteElo "2372"]
[BlackElo "2743"]
[TimeControl "180+2"]
[EndTime "15:39:34 PDT"]
[Termination "KRASAVCHIK2002 won by checkmate"]

1. e4 e5 2. Nf3 Nc6 3. Bb5 Nf6 4. O-O Nxe4 5. d4 Nd6 6. Bxc6 dxc6 7. dxe5 Nf5 8.
Qxd8+ Kxd8 9. Nc3 Ke8 10. Rd1 Be7 11. h3 h5 12. b3 Be6 13. Bb2 Rd8 14. Ne2 Rxd1+ 15.
Rxd1 Bd5 16. Nfd4 Nxd4 17. Nxd4 Be6 18. f4 g6 19. Nxe6 fxe6 20. c4 Rf8 21. g3 g5 22.
Bc1 gxf4 23. Bxf4 h4 24. Kg2 hxg3 25. Bxg3 a5 26. Rf1 Rg8 27. Rf4 b5 28. Rg4 Rh8 29.
h4 Kf7 30. Rd4 Kg6 31. Kf3 a4 32. Kg4 axb3 33. axb3 bxc4 34. Rxc4 c5 35. Bf2 Rb8 36. h5+ Kf7 37. Bxc5 Rg8+ 38. Kf3 Bd8 39. Be3 Rh8 40. h6 Kg6 41. Kg4 Re8 42. Rc6 Kh7 43. Bf4 Rg8+ 44.
Kf3 Rg6 45. Ke4 Kg8 46. Rc3 Kh7 47. Rf3 Rg4 48. Ke3 c6 49. Rf1 Bb6+ 50. Ke4 Bd8 51. Kf3 Rh4 52. Kg3 Rh5 53. Kg4 Rf5 54. Rd1 Rf8 55. Rd7+ Kg6 56. Rg7# 1-0

[Event "*** Titled Tuesday Blitz"]
[Site "Chess.com"]
[Date "2019.09.03"]
[Round "3"]
[White "Sutormin_DA"]
[Black "kosmeg"]
[Result "0-1"]
[WhiteElo "2601"]
[BlackElo "2402"]
[TimeControl "180+2"]
[EndTime "15:39:35 PDT"]
[Termination "kosmeg won by resignation"]

1. e4 e5 2. Nf3 Nc6 3. Bb5 g6 4. c3 a6 5. Ba4 Bg7 6. O-O Nge7 7. d4 exd4 8. cxd4 O-O 9. Nc3 b5 10. Bb3 d6 11. h3 Na5 12. Bc2 Bb7 13. Bg5 h6 14. Bh4 Qd7 15. Re1 Rae8 16. Rc1 Nc4 17. b3 Na3 18. Bd3 c5 19. d5 g5 20. Bg3 f5 21.
exf5 Nxf5 22. Rxe8 Rxe8 23. Bxf5 Qxf5 24. Bxd6 b4 25. Ne2 Qxd5 26. Qxd5+ Bxd5 27. Ng3 c4 28. Bxb4 Bb2 29. Rd1 cxb3 30. axb3 Bxb3 31. Rd3 Bc4 32. Rxa3 Bxa3 33. Bxa3 a5 34. Nh5 Kf7 35. Ng3 Bd3 36. Bb2 Ke6 37. Nd4+ Kd5 38. Nf1 Bxf1 39. Kxf1 Rb8 40.
Bc3 Rc8 41. Ne2 a4 42. g4 a3 43. Bg7 a2 44. Kg2 Rc7 45. Bf6 Rc6 46. Bd4 Ke4 47.
f3+ Kd3 48. Bg7 Kxe2 0-1

[Event "*** Titled Tuesday Blitz"]
[Site "Chess.com"]
[Date "2019.09.03"]
[Round "3"]
[White "GM_dmitrij"]
[Black "German_Bazeev"]
[Result "1-0"]
[WhiteElo "2966"]
[BlackElo "2716"]
[TimeControl "180+2"]
[EndTime "15:39:36 PDT"]
[Termination "GM_dmitrij won by resignation"]

1. e4 e5 2. Nf3 Nc6 3. Bb5 a6 4.
Ba4 d6 5. O-O Bd7 6. c3 Nf6 7. Re1 Be7 8. d4 O-O 9. h3 Re8 10. d5 Nb8 11. c4 c5 12. Nc3 Bxa4 13. Qxa4 Nbd7 14. Be3 Rf8 15. b4 cxb4 16. Qxb4 Qc7 17.
Nd2 Nc5 18. Reb1 Nfd7 19. a4 Rfc8 20. a5 Rab8 21. Na4 Bd8 22. Nxc5 Nxc5 23. Qa3 g6 24. f3 Kg7 25. Rb4 b6 26. axb6 Rxb6 27. Rxb6 Qxb6 28. Rb1 Qa5 29. Qxa5 Bxa5 30. Bxc5 dxc5 31. Nb3 Rb8 32.
Kf1 Bc7 33. Ke2 a5 34. Nd2 Rb4 35. Kd3 Kf8 36. Ra1 a4 37. Nb1 Ba5 38. Nd2 Ke7 39.
Kc2 f5 40. Ra2 Kd6 41. Kd3 h5 42. exf5 gxf5 43. g4 e4+ 44. fxe4 fxg4 45. hxg4 hxg4 46. Nf1 Rb3+ 47. Kc2 Rc3+ 48. Kb2 a3+ 49. Rxa3 Rxa3 50. Kxa3 Ke5 51. Ka4 Bd8 52. Kb5 Be7 53. Ng3 Kf4 54. Nf5 Kxe4 55. Nxe7 g3 56. d6 g2 57. d7 g1=Q 58.
d8=Q 1-0

[Event "*** Titled Tuesday Blitz"]
[Site "Chess.com"]
[Date "2019.09.03"]
[Round "3"]
[White "1random"]
[Black "matiss90"]
[Result "0-1"]
[WhiteElo "2745"]
[BlackElo "2538"]
[TimeControl "180+2"]
[EndTime "15:39:38 PDT"]
[Termination "matiss90 won by checkmate"]

1. e4 c5 2. Nf3 d6 3. c3 Nf6 4. h3 g6 5. Bd3 Bg7 6. Bc2 O-O 7. O-O Nc6 8. d4 cxd4 9. cxd4 Nb4 10.
Bb3 a5 11. Nc3 d5 12. e5 Ne4 13. Nxe4 dxe4 14. Ng5 Nc6 15. Be3 Bf5 16. g4 Bc8 17.
Nxe4 Kh8 18. Ng5 Qe8 19. f4 f6 20. Ne6 Bxe6 21. Bxe6 Rd8 22. d5 fxe5 23. f5 Nd4 24. Qd3 gxf5 25. Bxd4 exd4 26. Bxf5 Rxd5 27. Bxh7 Rd6 28.
Rxf8+ Qxf8 29. Rf1 Rf6 30. Rf5 Rxf5 31. Bxf5 Qf6 32.
Kg2 Qc6+ 33. Be4 Qc1 34. Qe2 Be5 35. Qf2 Kg7 36. h4 b5 37. b3 a4 38. bxa4 bxa4 39.
g5 a3 40. Kh3 Qc8+ 41. Bf5 Qc3+ 42. Kg4 Qc1 43. h5 Qd1+ 44. Kh4 Qh1+ 45. Bh3 Qe4+ 46. Bg4 d3 47. h6+ Kg6 48. Qf8 Qh1+ 49. Bh3 Qe1+ 50.
Kg4 Qg3# 0-1

[Event "*** Titled Tuesday Blitz"]
[Site "Chess.com"]
[Date "2019.09.03"]
[Round "3"]
[White "slowdgehammer"]
[Black "Shahinyan_ChessMood"]
[Result "0-1"]
[WhiteElo "2424"]
[BlackElo "2681"]
[TimeControl "180+2"]
[EndTime "15:39:43 PDT"]
[Termination "Shahinyan_ChessMood won by resignation"]

1. b3 e5 2. Bb2 Nc6 3. e3 d5 4. Bb5 Nf6 5. Bxe5 Be7 6. Nf3 O-O 7. Bb2 Bg4 8. Be2 Bd6 9. Nd4 Bd7 10. Nxc6 bxc6 11. f4 Qe7 12. O-O Rae8 13. Bf3 c5 14. Re1 Bxf4 15. Bxf6 Qxf6 16. Nc3 Be5 17. Nxd5 Qh6 18. g3 Bxa1 19. Qxa1 c6 20. Nf4 Qd6 21.
Qc3 Re5 22. Nd3 Rg5 23. Bg2 h5 24. Qc4 g6 25. Rf1 Be6 26. Qf4 Qe7 27. Bxc6 Rg4 28. Qf6 Qc7 29. Bg2 Rd8 30. Ne5 Rxd2 31. Nxg4 hxg4 32.
Rf2 Rd1+ 33. Rf1 Qd6 34. Qf4 Qd2 35. Qb8+ Kh7 36. Qf4 Rxf1+ 37. Bxf1 Qxc2 38. Bc4 Qb1+ 39. Kf2 Qxa2+ 40. Kg1 Qb1+ 41. Kf2 Qc2+ 42. Kg1 Bxc4 43. bxc4 Qd1+ 44. Kf2 Qd2+ 45. Kg1 Qd7 46. Qe5 Qd1+ 47. Kf2 Qc2+ 48. Kg1 Qxc4 49. Qe7 a5 50. Qh4+ Kg7 51. Qe7 Qc1+ 52. Kf2 Qb2+ 53. Kg1 Qa1+ 54. Kf2 Qf6+ 0-1

[Event "*** Titled Tuesday Blitz"]
[Site "Chess.com"]
[Date "2019.09.03"]
[Round "3"]
[White "vinniethepooh"]
[Black "AllStarShark"]
[Result "1-0"]
[WhiteElo "2594"]
[BlackElo "2356"]
[TimeControl "180+2"]
[EndTime "15:39:43 PDT"]
[Termination "vinniethepooh won by resignation"]

1. d4 d5 2. c4 dxc4 3. Nf3 Nf6 4. e3 Bg4 5. Bxc4 e6 6. O-O Bd6 7. h3 Bh5 8. Be2 O-O 9. Nc3 Nc6 10. a3 a6 11. b4 Qe7 12. e4 Bxf3 13. Bxf3 Rad8 14. Be3 Rfe8 15. Qd2 h6 16. Rfd1 e5 17. d5 Nd4 18.
Bxd4 exd4 19. Qxd4 Be5 20. Qe3 Bxc3 21. Qxc3 Nxe4 22.
Bxe4 Qxe4 23. Rac1 Re7 24. Re1 Qh4 25. Rxe7 Qxe7 26. Qxc7 Qxc7 27. Rxc7 Rxd5 28. Rxb7 Rd3 29. a4 Ra3 30. a5 Rb3 31. Kf1 Rb2 32. g4 g6 33. Kg2 Kg7 34. Rb6 h5 35. g5 Rb3 36. h4 Kf8 37. f3 Ke7 38. Kg3 Ke8 39.
Kf4 Ke7 40. Ke4 Kd7 41. f4 Kc7 42. f5 Rh3 43. fxg6 Rxh4+ 44. Kf5 fxg6+ 45. Kxg6 Rh1 46.
Rxa6 h4 47. b5 h3 48. Ra7+ Kd6 49. Rh7 Kc5 50. b6 h2 51. b7 Rb1 52. a6 h1=Q 53.
Rxh1 Rb6+ 54. Kf5 Kd6 55. Rh8 Kc7 56. b8=Q+ 1-0

[Event "*** Titled Tuesday Blitz"]
[Site "Chess.com"]
[Date "2019.09.03"]
[Round "3"]
[White "vova-79"]
[Black "kinga2008"]
[Result "1-0"]
[WhiteElo "2398"]
[BlackElo "1895"]
[TimeControl "180+2"]
[EndTime "15:39:45 PDT"]
[Termination "vova-79 won by checkmate"]

1. d4 g6 2. c4 Bg7 3. Nf3 d6 4.
g3 Bg4 5. Bg2 Nd7 6. O-O c6 7. Nc3 e5 8. dxe5 dxe5 9. Ne4 Qc7 10. Qd6 Rc8 11. Rd1 Ne7 12. Bg5 Nf5 13. Qa3 f6 14. Rxd7 Qxd7 15. Nxf6+ Bxf6 16. Bxf6 Rf8 17. Nxe5 Qe6 18. Nxg4 h5 19. Bc3 hxg4 20. Qxa7 Qd7 21. e4 Nd6 22. Rd1 Qe7 23. Bb4 Rd8 24.
e5 Qxe5 25. Re1 Qxe1+ 26. Bxe1 Nxc4 27. Qc5 Rd1 28. Qxc4 Rxe1+ 29. Bf1 Re7 30. Qxg4 Ref7 31. Qxg6 Kd8 32. f4 Rd7 33. Qc2 Re8 34. Kf2 Kc7 35. Be2 Red8 36. Ke1 Rg7 37. g4 Rh8 38. Bf3 Re8+ 39.
Kf2 Rd7 40. Kg3 Red8 41. h4 Rd2 42. Qh7+ Kb6 43. Qg7 R8d4 44. h5 Rb4 45. h6 Rbxb2 46. h7 Rb1 47. h8=Q Rg1+ 48. Kh4 Rh1+ 49. Bxh1 Rh2+ 50.
Kg5 Rh5+ 51. gxh5 c5 52. Qb2+ Ka5 53. h6 b6 54. Qa8# 1-0

[Event "*** Titled Tuesday Blitz"]
[Site "Chess.com"]
[Date "2019.09.03"]
[Round "3"]
[White "STARMATEcc"]
[Black "ecwinslow"]
[Result "1-0"]
[WhiteElo "2519"]
[BlackElo "2035"]
[TimeControl "180+2"]
[EndTime "15:39:47 PDT"]
[Termination "STARMATEcc won by resignation"]

1. e4 d6 2. d4 Nf6 3. Nc3 g6 4. Bg5 c6 5. Qd2 Nbd7 6. O-O-O Qa5 7. f4 b5 8. a3 b4 9. axb4 Qa1+ 10. Nb1 Nxe4 11.
Qe1 d5 12. Rd3 Qa6 13. Nf3 Qb6 14. g4 e6 15. Rb3 Bd6 16. Bh6 Ndf6 17. h3 Qc7 18.
Ne5 Bf8 19. Bxf8 Kxf8 20. Bd3 Kg7 21. g5 Nh5 22. Bxe4 dxe4 23. Qxe4 Bb7 24. Re1 c5 25. Qe3 cxd4 26. Qxd4 Rhd8 27. Qe3 Bd5 28. Rc3 Qb7 29. Nd3 Kg8 30. Rc5 a5 31. Rxa5 Rxa5 32. bxa5 Qb5 33.
Qb6 Qxb6 34. axb6 Rb8 35. Nd2 Rxb6 36. c4 Bc6 37. Kc2 Ng7 38. Kc3 Nf5 39. b4 h6 40. b5 Bb7 41. Kb4 Rd6 42. Kc3 Nd4 43. Nc5 Bc8 44. Nde4 Rd8 45. Nf6+ Kg7 46. b6 hxg5 47.
fxg5 Nc6 48. b7 Bxb7 49. Nxb7 Rd4 50. Re4 Rd1 51. Nd6 Kf8 52. Nc8 Ne7 53. Nxe7 Kxe7 54. Rd4 Rc1+ 55. Kb4 Rc2 56. h4 Rh2 57. Rd7+ Kf8 58.
Kc5 Rxh4 59. Rd8+ 1-0

[Event "*** Titled Tuesday Blitz"]
[Site "Chess.com"]
[Date "2019.09.03"]
[Round "3"]
[White "chessdjw"]
[Black "daro94"]
[Result "1/2-1/2"]
[WhiteElo "2696"]
[BlackElo "2876"]
[TimeControl "180+2"]
[EndTime "15:39:50 PDT"]
[Termination "Game drawn by agreement"]

1. d4 Nf6 2. c4 g6 3. g3 Bg7 4. Bg2 O-O 5. Nf3 c5 6. O-O cxd4 7. Nxd4 Nc6 8. Nc3 Qa5 9. e3 d6 10. Bd2 Qb6 11. b3 Bd7 12. Na4 Qa6 13. Nb5 Rfc8 14. Bc3 Ne5 15. Bxe5 dxe5 16. Nac3 Qb6 17. Rc1 a6 18. Na3 Bc6 19. Bxc6 Qxc6 20. Nc2 e4 21. Nb4 Qe6 22. Nbd5 h5 23. Nxf6+ Bxf6 24. Qd5 Bxc3 25. Qxe6 fxe6 26. Rxc3 Rd8 27. Rfc1 Rd2 28. R3c2 Rad8 29. Kf1 Kf7 30. h4 Kf6 31. Ke1 R2d3 32. Ke2 a5 33.
Rb1 Kf5 34. c5 R8d7 35. Rbb2 e5 36. Rc4 Rd1 37. b4 axb4 38. Rcxb4 Ra1 39. Rxb7 Rxb7 40. Rxb7 Rxa2+ 41. Kf1 Rc2 42. Rxe7 Rxc5 43. Kg2 Kf6 44.
Re8 Ra5 45. Rf8+ Ke6 46. Rg8 Kf7 47. Rb8 Kf6 48. Rb7 Ra2 49. Rb8 Rc2 50. Rf8+ Kg7 51. Ra8 Kf6 52. Ra6+ Kf5 53. Ra4 Rb2 54. Rc4 Ra2 55.
Rb4 Rc2 56. Rb8 Kf6 57. Rf8+ Kg7 58. Re8 Kf6 59. Kg1 Rc1+ 60. Kh2 Rc2 61. Kg2 Ra2 62. Rh8 Kg7 63. Rc8 Kf6 64. Rc4 Kf5 65. Rc6 Rb2 66. Ra6 Rc2 67. Rb6 Ra2 68. Rb8 Kf6 69. Rg8 Kf7 70.
Rh8 Kg7 71. Rb8 Kf6 72. Rb6+ Kf5 73. Rc6 Rb2 74. Rd6 Ra2 75. Rd5 Ke6 76. Rb5 Kf5 77. Rb6 Rc2 1/2-1/2

[Event "*** Titled Tuesday Blitz"]
[Site "Chess.com"]
[Date "2019.09.03"]
[Round "3"]
[White "silverback96"]
[Black "Kazmin_Dmitrij"]
[Result "0-1"]
[WhiteElo "2010"]
[BlackElo "2311"]
[TimeControl "180+2"]
[EndTime "15:39:52 PDT"]
[Termination "Kazmin_Dmitrij won by resignation"]

1. e4 d6 2. d4 Nf6 3. Nc3 e5 4. Nf3 Nbd7 5. Bc4 Be7 6. O-O O-O 7.
a4 c6 8. h3 h6 9. Be3 Nh7 10.
Ne2 Ng5 11. Ng3 Nb6 12. Bb3 exd4 13. Nxd4 Ne6 14. Ndf5 Re8 15. a5 Nd7 16. Bxe6 fxe6 17. Nxd6 Rf8 18. e5 Nxe5 19. Nxc8 Qxc8 20. Qe2 Nd7 21. Bd4 Nf6 22. Rfe1 Bd6 23. Qxe6+ Qxe6 24. Rxe6 Bxg3 25. fxg3 Nd5 26. c4 Nb4 27. Bc5 Nc2 28. Rc1 Rf5 29. Bf2 Nb4 30. Re7 Rxf2 31. Kxf2 Nd3+ 32.
Ke3 Nxc1 33. Rxb7 c5 34. Kd2 Na2 35. Rc7 Nb4 36. Rxc5 Na6 37. Rc6 Nb4 38. Rc7 a6 39. Kc3 Rb8 40. Ra7 Kf8 41. b3 Kg8 42. g4 Kf8 43. g3 Kg8 44. h4 Kf8 45. g5 hxg5 46. hxg5 g6 47. g4 Kg8 48. Rd7 Kh8 49. c5 Kg8 50. Rd6 Kf7 51. Rb6 Nd5+ 52. Kc4 Nxb6+ 53. axb6 Ke7 54. c6 Rxb6 55. Kc5 Rxb3 56. c7 Rc3+ 57.
Kb6 Kd7 58. Kxa6 Rxc7 59. Kb6 0-1

[Event "*** Titled Tuesday Blitz"]
[Site "Chess.com"]
[Date "2019.09.03"]
[Round "3"]
[White "yiy1156"]
[Black "mortngabriel"]
[Result "1-0"]
[WhiteElo "2560"]
[BlackElo "2315"]
[TimeControl "180+2"]
[EndTime "15:39:54 PDT"]
[Termination "yiy1156 won by resignation"]

1. e4 c5 2. Nf3 Nc6 3. d4 cxd4 4. Nxd4 g6 5. Nc3 Bg7 6. Be3 Nf6 7. Bc4 O-O 8. Bb3 d6 9. f3 Bd7 10. Qd2 Rc8 11.
O-O-O Nxd4 12. Bxd4 b5 13. Nd5 Nxd5 14. Bxg7 Kxg7 15. exd5 a5 16. a3 b4 17. axb4 axb4 18. Qxb4 Kg8 19. Rhe1 Rc5 20. Re3 Qa8 21. Bc4 Rb8 22.
Ra3 Rxb4 23. Rxa8+ Kg7 24. b3 Bb5 25. Rb8 g5 26. c3 Rbxc4 27. bxc4 Bxc4 28. Rb7 Kf6 29. Re1 Bxd5 30. Rbxe7 Be6 31. Ra7 Rxc3+ 32. Kd2 Rb3 33. Kc2 Rb5 34. Ra6 d5 35. g3 h5 36. Ra4 Rc5+ 37.
Kd2 Rb5 38. Kd3 Rb3+ 39. Kd4 Rxf3 40. Rea1 h4 41. R1a3 Rf2 42. Ra2 Rf1 43. Ra1 Rf5 44. R1a2 Kg6 45. gxh4 gxh4 46. Rb4 h3 47. Rd2 Kg5 48.
Kc5 Rf4 49. Rxf4 Kxf4 50. Kd4 Kf3 51. Rb2 Bg4 52. Kxd5 Ke3 53. Ke5 Bf3 54. Rb3+ Kf2 55.
Kf4 Bg2 56. Rb2+ Kg1 57. Kg3 f5 58. Rf2 f4+ 59. Rxf4 Kh1 60. Ra4 Kg1 61. Ra1+ Bf1 62. Rb1 1-0

[Event "*** Titled Tuesday Blitz"]
[Site "Chess.com"]
[Date "2019.09.03"]
[Round "3"]
[White "wannabe2700"]
[Black "Walter_White_Poland"]
[Result "0-1"]
[WhiteElo "2539"]
[BlackElo "2327"]
[TimeControl "180+2"]
[EndTime "15:39:57 PDT"]
[Termination "Walter_White_Poland won by checkmate"]

1. c4 c5 2. Nf3 Nc6 3. Nc3 Nd4 4. e3 Nxf3+ 5. Qxf3 Nf6 6. d4 d6 7. Bd3 g6 8. O-O Bg7 9. Ne4 Nxe4 10. Bxe4 Qc7 11. b3 O-O 12. Bb2 Rb8 13. Rfd1 a6 14. Qe2 Be6 15. dxc5 dxc5 16. Bxg7 Kxg7 17. Bd5 Bf5 18.
e4 Bd7 19. e5 Bc6 20. e6 Bxd5 21. Rxd5 Qf4 22. Rxc5 fxe6 23. Re1 Rf6 24. g3 Qd4 25. Re5 Rbf8 26. Rf1 Rxf2 27. Rxf2 Rxf2 28. Qxf2 Qxe5 29. Kf1 Qf5 30. Kg2 Qe4+ 31. Kh3 h5 32. Qb2+ Kf7 33. Qf2+ Qf5+ 34. Kg2 Ke8 35. Qf3 Qc2+ 36. Kh3 Qf5+ 37. Kg2 Qc2+ 38. Kg1 Qb1+ 39. Kg2 Qxa2+ 40. Kh3 Qc2 41.
Qxb7 Qf5+ 42. Kg2 Qc2+ 43. Kf3 Qd3+ 44. Kf4 Qd2+ 45. Ke5 Qe3+ 46. Qe4 Qxb3 47. Qxg6+ Kd8 48.
Qg8+ Kc7 49. Qxe6 Qe3+ 50. Kf5 Qxe6+ 51. Kxe6 a5 52. Kd5 a4 53. Kd4 e5+ 54. Kc3 e4 55. h3 e3 56. g4 e2 57. Kd2 a3 58. gxh5 a2 59. Kxe2 a1=Q 60. Kf3 Qf6+ 61. Kg4 Kd6 62.
c5+ Kxc5 63. h4 Kd5 64. Kg3 Qh6 65. Kg4 Ke5 66. Kh3 Qxh5 67. Kg3 Ke4 68. Kh3 Kf3 69. Kh2 Qxh4+ 70. Kg1 Qg3+ 71. Kh1 Qg2# 0-1

[Event "*** Titled Tuesday Blitz"]
[Site "Chess.com"]
[Date "2019.09.03"]
[Round "3"]
[White "Bigfish1995"]
[Black "promen1999"]
[Result "1/2-1/2"]
[WhiteElo "3058"]
[BlackElo "2744"]
[TimeControl "180+2"]
[EndTime "15:39:58 PDT"]
[Termination "Game drawn by repetition"]

1. d4 Nf6 2. c4 e6 3. Nf3 b6 4. g3 Bb7 5. Bg2 Bb4+ 6. Nbd2 Be7 7. O-O O-O 8. b3 c5 9. dxc5 bxc5 10. Bb2 d6 11.
Qc2 Nc6 12. Rad1 h6 13. Qb1 Qc7 14. Rfe1 a5 15. e4 Nd7 16. a4 Nde5 17. Bc3 Rab8 18. Qc2 Ba8 19. Rb1 Rfd8 20. h3 Bf6 21. Nh2 Nd4 22. Qd1 Nec6 23. Re3 Nb4 24. Ng4 Bg5 25. f4 Be7 26. Bxb4 Rxb4 27. Qf1 h5 28. Nf2 h4 29. g4 Rdb8 30. Qd1 Bc6 31. Rc1 e5 32. Nd3 exf4 33.
Re1 R4b6 34. e5 Bxg2 35. Kxg2 Qb7+ 36. Kf2 dxe5 37. Rxe5 Nxb3 38. Rb1 Nxd2 39. Rxb6 Qxb6 40. Qxd2 Bf6 41. Rd5 Bd4+ 42. Kf3 Be3 43. Qc2 Re8 44. Ne5 Qf6 45. Qe4 Bd4 46. Nd7 Qe7 47. Qxe7 Rxe7 48. Nxc5 Re3+ 49. Kxf4 Bxc5 50. Rxc5 Rxh3 51. Rxa5 Rc3 52.
Rh5 Rxc4+ 53. Kg5 Rxa4 54. Kxh4 g6 55. Rc5 f5 56. Kg5 Rxg4+ 57. Kf6 Kh7 58. Rc7+ Kh6 59. Rc8 Kh7 60. Rc7+ Kh6 61. Rc8 Kh7 62. Rc7+ 1/2-1/2

[Event "*** Titled Tuesday Blitz"]
[Site "Chess.com"]
[Date "2019.09.03"]
[Round "3"]
[White "CarrotsandPizza"]
[Black "MFBerna"]
[Result "1-0"]
[WhiteElo "2246"]
[BlackElo "2467"]
[TimeControl "180+2"]
[EndTime "15:40:15 PDT"]
[Termination "CarrotsandPizza won by resignation"]

1. e4 c6 2. d4 d5 3. Nc3 dxe4 4. Nxe4 Nf6 5. Nxf6+ exf6 6. Ne2 Bd6 7. Ng3 O-O 8. Be2 c5 9. d5 b5 10. O-O a6 11. a4 c4 12. axb5 Bb7 13. bxa6 Rxa6 14. Rxa6 Bxa6 15. Re1 Nd7 16. Qd4 Bc5 17. Qh4 Qb6 18.
Ne4 Bd4 19. c3 Be5 20. Qg4 Rd8 21. Ng3 g6 22. Bxc4 h5 23. Qe2 Bxc4 24. Qxc4 Qb7 25. Qc6 Qxc6 26. dxc6 Nb8 27. Rxe5 Rd1+ 28. Nf1 Nxc6 29.
Rc5 Ne5 30. Be3 Rb1 31. b4 Nd3 32. Rd5 Ne5 33. b5 Nc4 34. Rc5 Nd6 35. c4 f5 36.
Rc6 Ne4 37. g3 g5 38. f3 Nc3 39. Bxg5 Ne2+ 40. Kf2 Nd4 41. Rd6 Rb2+ 42. Ke3 Ne6 43. Bf6 Kh7 44. Nd2 Kg6 45. b6 Kxf6 46. c5 Ke7 47.
Rd5 f4+ 48. gxf4 Nd8 49. Nc4 Rb3+ 50. Rd3 Rb5 51. Rd5 Nc6 52. Ne5 Rb3+ 53. Ke4 Nb8 54. f5 Rb4+ 55. Rd4 Rb1 56. Kd5 Na6 57. f6+ Kxf6 58.
Nc6 Rc1 59. Rc4 Rb1 60. Nd4 Ke7 61. Kc6 Kd8 62. Kb7 Nb4 63. Rxb4 Rxb4 64. Nc6+ 1-0